 Dungeon Crawl Stone Soup version 0.25.1-1-g288607f5aa (webtiles) character file.

Game seed: 5968087315769766079

21782 H0rd4k the Martial Artist (level 12, 0/96 HPs)
             Began as an Octopode Transmuter on July 28, 2020.
             Was an Initiate of Gozag.
             Slain by a six-headed hydra (14 damage)
             ... on level 3 of the Lair of Beasts.
             The game lasted 00:53:56 (22629 turns).

H0rd4k the Martial Artist (Octopode Transmuter)    Turns: 22629, Time: 00:53:57

Health: 0/96       AC:  6    Str: 10    XL:     12   Next: 93%
Magic:  21/24      EV: 14    Int: 18    God:    Gozag
Gold:   1663       SH:  0    Dex: 14    Spells: 9/27 levels left

rFire    x . .     SeeInvis .     - Unarmed
rCold    + + +     Gourm    .   (shield currently unavailable)
rNeg     . . .     Faith    .   (helmet currently unavailable)
rPois    +         Spirit   .   m - amulet of magic regeneration
rElec    .         Reflect  .   H - ring of protection from magic
rCorr    .         Harm     .   (no ring)
MR       +....                  (no ring)
Stlth    +++.......             (no ring)
HPRegen  0.26/turn              (no ring)
MPRegen  0.44/turn              (no ring)
                                (no ring)
                                (no ring)

@: ice-form
A: large, almost no armour, stealthy swim, amphibious, 8 rings, (constrict 8)
a: End Transformation, Potion Petition, Call Merchant, Bribe Branch, Renounce
Religion


You were on level 3 of the Lair of Beasts.
You worshipped Gozag.
Gozag was most pleased with you.
You were not hungry.
You were a creature of crystalline ice.
You visited 3 branches of the dungeon, and saw 16 of its levels.

You collected 2701 gold pieces.
You spent 449 gold pieces at shops.
You paid 589 gold pieces to Gozag.

Inventory:

Hand Weapons
 w - the +6 whip of Wujuphuts {venom, rElec Str+7}
   (You found it on level 4 of the Dungeon)

   It poisons the flesh of those it strikes.
   It affects your strength (+7).
   It insulates you from electricity.
 A - the +6 hand axe of Bloody Death {elec, *Corrode rF+ Int+2}
   (You found it on level 4 of the Dungeon)

   Occasionally, upon striking a foe, it will discharge some electrical energy
   and cause terrible harm.
   It affects your intelligence (+2).
   It protects you from fire.
   It may corrode you when you take damage.
Missiles
 a - 283 arrows
 v - 77 poisoned darts (quivered)
 F - 2 curare-tipped darts
Armour
 D - a +2 hat (melded)
Jewellery
 l - an uncursed amulet of the acrobat
 m - an amulet of magic regeneration (around neck)
 H - a ring of protection from magic (left front paw)
Wands
 B - a wand of digging (2)
 I - a wand of iceblast (14)
Scrolls
 d - 4 scrolls of amnesia
 e - 7 scrolls of remove curse
 i - 2 scrolls of magic mapping {unknown}
 j - 2 scrolls of fear {unknown}
 k - 3 scrolls of enchant armour {unknown}
 o - 3 scrolls of immolation {unknown}
 t - 3 scrolls of teleportation
 u - 2 scrolls of identify
 y - a scroll of noise {unknown}
 z - 3 scrolls of blinking
 K - 2 scrolls of vulnerability {unknown}
 M - a scroll of summoning {unknown}
 N - a scroll of enchant weapon {unknown}
 O - a scroll of fog {unknown}
Potions
 b - a potion of berserk rage
 f - a potion of resistance {unknown}
 g - a potion of stabbing
 h - a potion of cancellation
 n - 2 potions of haste
 p - a potion of mutation {unknown}
 q - a potion of flight
 r - 3 potions of magic
 s - 2 potions of invisibility
 x - 8 potions of lignification
 C - 3 potions of curing
 J - 2 potions of might
Miscellaneous
 G - a lightning rod (1/4)
 P - 2 phantom mirrors
Comestibles
 c - 7 rations


   Skills:
 * Level 6.8 Fighting
 + Level 1.8 Throwing
 + Level 7.3 Dodging
 + Level 6.8 Stealth
 * Level 13.1 Unarmed Combat
 + Level 8.0 Spellcasting
 + Level 3.6 Hexes
 + Level 8.2 Transmutations
 + Level 0.3 Ice Magic
 + Level 2.4 Poison Magic
 + Level 1.7 Evocations


You had 9 spell levels left.
You knew the following spells:

 Your Spells              Type           Power        Failure   Level  Hunger
a - Beastly Appendage     Tmut           #####.       1%          1    None
b - Sticks to Snakes      Tmut           #####...     1%          2    None
c - Spider Form           Tmut/Pois      ####......   3%          3    #......
d - Confusing Touch       Hex            ###.....     7%          3    #......
e - Blade Hands           Tmut           #####.....   9%          5    #####..
f - Ice Form              Ice/Tmut       ###.....     17%         4    ###....

Your spell library contained the following spells:

 Spells                   Type           Power        Failure   Level  Hunger
 Petrify                  Tmut/Erth      ###.....     19%         4    ###....
 Yara's Violent Unravell  Hex/Tmut       ####......   24%         5    #####..
 Gell's Gravitas          Tloc           #.........   28%         3    #......
 Irradiate                Conj/Tmut      ###.......   45%         5    #####..
 Hydra Form               Tmut           #####.....   45%         6    ######.
 Metabolic Englaciation   Hex/Ice        ##........   77%         5    #####..
 Statue Form              Tmut/Erth      ###......    95%         6    ######.
 Dragon Form              Tmut           #####.....   95%         7    #######


Dungeon Overview and Level Annotations

Branches:
Dungeon (12/15)            Temple (1/1) D:5            Lair (3/6) D:11
    Orc (0/2) D:10
  Swamp: Lair:2-4    Shoals: Lair:2-4     Snake: Lair:2-4    Spider: Lair:2-4

Altars:
Ashenzari
Cheibriados
Dithmenos
Elyvilon
Fedhas
Gozag
Hepliaklqana
Kikubaaqudgha
Makhleb
Nemelex Xobeh
Okawaru
Qazlal
Ru
Sif Muna
Trog
Uskayaw
Vehumet
Wu Jian
Xom
Yredelemnul
Zin
The Shining One

Shops:
D:5 *   D:8 *   D:11 *

Annotations:
D:5 !phantom
D:6 exclusion: downstairs
D:7 exclusion: 3 downstairs
D:8 exclusions: 2 killer bees and ugly thing, Maurice, Psyche
D:9 exclusion: 2 death knights
D:10 exclusion: downstairs
D:12 exclusion: manticore
Lair:1 exclusion: hydra


Innate Abilities, Weirdness & Mutations

You cannot wear most types of armour.
You are very stealthy in the water. (Stealth+)
You are amphibious.
You can wear up to eight rings at the same time.
((You can use your tentacles to constrict eight enemies at once.))
((Your skin changes colour to match your surroundings (Stealth+).))
((Your rubbery body absorbs attacks. (AC +1, EV +1)))


Message History

The six-headed hydra barely misses you. The six-headed hydra bites you!
* * * LOW HITPOINT WARNING * * *
The six-headed hydra barely misses you.
The six-headed hydra completely misses you.
The six-headed hydra closely misses you.
You punch the six-headed hydra!
The six-headed hydra seems to slow down.
You freeze the six-headed hydra.
The six-headed hydra is almost dead.
You hit the six-headed hydra.
The six-headed hydra seems to slow down.
You freeze the six-headed hydra.
The six-headed hydra is almost dead.
The six-headed hydra bites you!
* * * LOW HITPOINT WARNING * * *
The six-headed hydra barely misses you. The six-headed hydra bites you.
* * * LOW HITPOINT WARNING * * *
The six-headed hydra bites you!
You die...
Your body crumbles into a pile of gold.

l. ##.......## #......
..##.........##.......
$
.#.........$..#...F.^
##...##...##$$..#....^
$ #...
#.8..##.......^.
#...###...####.....#..
#.#)....#.#...#.#^.
#.#F.<.....8.>.....
#.YD......#$.......
####...####..##.#.^
#.8..##...# ....
.....#...... #.F
...........##.. .(
#............ #.#
..#.......... ..
..###...##.... ... 8.
.. .$.


You could see a six-headed hydra (slow) and a blink frog.

Vanquished Creatures
  A hydra (Lair:2)
  A centaur warrior (D:11)
  Erica (Lair:2)
  2 two-headed ogres (D:10)
  Pikel (D:9)
  3 elephants (Lair:2)
  A black mamba (Lair:2)
  A centaur zombie (D:12)
  A gargoyle (D:11)
  3 spiny frogs (Lair:2)
  A komodo dragon (Lair:2)
  3 trolls
  2 hornets
  8 blink frogs
  10 hippogriffs
  19 yaks
  A wyvern (D:8)
  A wraith (D:10)
  A hungry ghost (D:10)
  An acid dragon (D:10)
  5 water moccasins
  2 porcupines
  2 ice beasts
  2 necrophages
  2 orc warriors
  2 sky beasts
  2 slaves (D:9)
  A hornet zombie (D:11)
  2 phantoms
  3 wolves (Lair:1)
  9 ogres
  7 centaurs
  4 crocodiles
  11 bullfrogs
  2 big kobolds
  A gnoll sergeant (D:7)
  A water moccasin zombie (D:8)
  A water moccasin skeleton (D:4)
  5 scorpions
  3 killer bees (D:10)
  A wight (D:8)
  5 howler monkeys
  4 crimson imps
  2 bullfrog zombies
  A quasit (D:11)
  4 hounds
  5 human zombies (D:8)
  8 orc priests
  6 jellies
  6 orc wizards
  2 bullfrog skeletons
  6 centaur skeletons
  A human skeleton (D:8)
  4 iguanas
  2 hell rats (Lair:2)
  A worker ant (D:10)
  A hound skeleton (D:4)
  A worker ant zombie (D:9)
  7 gnolls
  14 adders
  7 river rats (Lair:2)
  3 shadow imps
  An ooze (D:2)
  An adder zombie (D:9)
  A worm (D:3)
  7 leopard geckos
  25 orcs
  3 ball pythons
  11 bats
  7 giant cockroaches
  4 goblins
  4 hobgoblins
  7 jackals
  11 kobolds
  6 quokkas
  4 frilled lizards
  A jackal skeleton (D:5)
  An orc zombie (D:8)
  11 rats
  A spectral orc (D:4)
326 creatures vanquished.

Vanquished Creatures (others)
  7 fungi
  7 plants
14 creatures vanquished.

Grand Total: 340 creatures vanquished

Notes
Turn   | Place    | Note
-------+----------+-------------------------------------------
     0 | D:1      | H0rd4k the Octopode Transmuter began the quest for the Orb.
     0 | D:1      | Reached XP level 1. HP: 13/13 MP: 3/3
   244 | D:1      | Reached XP level 2. HP: 18/18 MP: 5/5
   650 | D:1      | Reached XP level 3. HP: 23/23 MP: 7/7
  1120 | D:1      | Learned a level 2 spell: Sticks to Snakes
  1124 | D:1      | Learned a level 3 spell: Spider Form
  1605 | D:2      | Reached skill level 1 in Stealth
  1760 | D:2      | Noticed an ogre
  1987 | D:2      | Reached XP level 4. HP: 28/28 MP: 8/8
  2864 | D:3      | Found a radiant altar of Vehumet.
  3465 | D:4      | Reached XP level 5. HP: 33/33 MP: 7/9
  3911 | D:4      | Got a smouldering whip
  3928 | D:4      | Reached skill level 4 in Unarmed Combat
  3942 | D:4      | Identified the +6 whip of Wujuphuts {venom, rElec Str+7}
                  | (You found it on level 4 of the Dungeon)
  3981 | D:4      | Got a fine hand axe
  4007 | D:4      | Found a basalt altar of Yredelemnul.
  4056 | D:4      | Reached XP level 6. HP: 23/38 MP: 7/10
  4431 | D:4      | Found an ornate altar of the Wu Jian Council.
  4586 | D:5      | Entered Level 5 of the Dungeon
  4719 | D:5      | Found Qepij's General Store.
  4876 | D:5      | Bought a scroll of blinking for 75 gold pieces
  4996 | D:5      | Reached XP level 7. HP: 12/44 MP: 10/12
  5166 | D:5      | Found a staircase to the Ecumenical Temple.
  5198 | D:5      | Found a sparkling altar of Nemelex Xobeh.
  5583 | Temple   | Entered the Ecumenical Temple
  5651 | Temple   | Became a worshipper of Gozag Ym Sagoz the Greedy
  6066 | D:6      | Reached skill level 5 in Unarmed Combat
  6119 | D:6      | Reached XP level 8. HP: 50/50 MP: 10/14
  6199 | D:6      | Found a glowing golden altar of the Shining One.
  6366 | D:5      | Reached skill level 5 in Transmutations
  6707 | D:6      | Reached skill level 6 in Unarmed Combat
  7461 | D:5      | Reached skill level 5 in Spellcasting
  7501 | D:5      | Bought a +2 hat for 160 gold pieces
  7501 | D:5      | Bought 2 curare-tipped darts for 12 gold pieces
  7501 | D:5      | Bought a scroll of identify for 20 gold pieces
  7824 | D:6      | Found an opulent altar of Gozag.
  8118 | D:7      | Noticed a troll
  8129 | D:7      | Reached XP level 9. HP: 55/55 MP: 16/16
  8285 | D:7      | Reached skill level 5 in Dodging
  8469 | D:7      | Killed a troll
  8469 | D:7      | Reached skill level 5 in Stealth
  8621 | D:7      | Learned a level 3 spell: Confusing Touch
  8858 | D:7      | Identified the +6 hand axe of Bloody Death {elec, *Corrode
                  | rF+ Int+2} (You found it on level 4 of the Dungeon)
  8885 | D:7      | Reached skill level 1 in Throwing
  9436 | D:8      | Reached skill level 7 in Unarmed Combat
  9452 | D:8      | Learned a level 5 spell: Blade Hands
  9553 | D:8      | Reached skill level 1 in Hexes
  9951 | D:8      | Noticed a white ugly thing
 10339 | D:8      | Reached XP level 10. HP: 63/63 MP: 15/19
 10439 | D:8      | Identified the +3 falchion of the Maze {antimagic, *Contam
                  | rElec Dex+4}
 10439 | D:8      | Noticed Maurice
 11033 | D:8      | Reached skill level 8 in Unarmed Combat
 11260 | D:8      | Found a glowing silver altar of Zin.
 11262 | D:8      | Found Zin's Purification Station.
 11331 | D:8      | Noticed Psyche
 12250 | D:9      | Found a basalt altar of Yredelemnul.
 12318 | D:9      | Reached skill level 1 in Poison Magic
 12506 | D:9      | Reached skill level 1 in Evocations
 12783 | D:9      | Noticed Pikel
 12799 | D:9      | Killed Pikel
 12983 | D:9      | Reached skill level 9 in Unarmed Combat
 13194 | D:9      | Noticed a death knight
 13297 | D:10     | Entered Level 10 of the Dungeon
 13391 | D:10     | Noticed a two-headed ogre
 13412 | D:10     | Killed a two-headed ogre
 13412 | D:10     | Reached XP level 11. HP: 46/69 MP: 21/21
 13679 | D:10     | Noticed a two-headed ogre
 13696 | D:10     | Killed a two-headed ogre
 13696 | D:10     | Reached skill level 10 in Unarmed Combat
 15110 | D:10     | Reached skill level 5 in Fighting
 15521 | D:10     | Found a staircase to the Orcish Mines.
 15763 | D:11     | Noticed a centaur warrior
 16838 | D:11     | Reached skill level 11 in Unarmed Combat
 16943 | D:11     | Noticed a green ugly thing
 17028 | D:12     | Noticed a manticore
 17884 | D:11     | Killed a centaur warrior
 18308 | D:11     | Found a staircase to the Lair.
 18411 | D:11     | Learned a level 4 spell: Ice Form
 18475 | D:11     | Bought a ration for 65 gold pieces
 18475 | D:11     | Bought a potion of might for 52 gold pieces
 18475 | D:11     | Bought a potion of berserk rage for 65 gold pieces
 18481 | Lair:1   | Entered Level 1 of the Lair of Beasts
 18493 | Lair:1   | Reached XP level 12. HP: 62/78 MP: 16/23
 18860 | Lair:2   | Noticed a six-headed hydra
 19346 | Lair:1   | Noticed an eight-headed hydra
 19756 | Lair:1   | Reached skill level 12 in Unarmed Combat
 21519 | Lair:2   | Noticed Erica
 21757 | Lair:2   | Killed Erica
 21913 | Lair:2   | Noticed a five-headed hydra
 21925 | Lair:2   | Killed a five-headed hydra
 22562 | Lair:3   | Reached skill level 13 in Unarmed Combat
 22629 | Lair:3   | Slain by a six-headed hydra

Illustrated notes

Levels and vault maps discovered:
D:1:      eino_arrival_cavern_b, layout_basic
D:2:      layout_basic, first_ration
D:3:      layout_loops_corners, vehumet_crystals, amethyst_killhole
D:4:      layout_cave_pools, yredelemnul_forgotten_temple_becter,
          kennysheep_mini_moat
D:5:      layout_loops_ring, nemelex_xobeh_ov_fountains_minmay,
          minmay_temple_entry_slanted, serial_shops, nicolae_shop_behind_doors
D:6:      layout_cave_pools, tso_metal_star, basic_altar,
          minmay_misc_feat_plants, serial_bayou_pond_d, minmay_small_thing
D:7:      layout_basic
D:8:      layout_loops_ring, zin_purify, grunt_livestock,
          lemuel_mausoleum_altar_yredelemnul, uniq_maurice, uniq_psyche
D:9:      layout_grid_maze, lemuel_statue_altar, uniq_pikel
D:10:     layout_stronghold, orc_0_dummy
D:11:     layout_long_grid, lair_entry_dummy, minmay_misc_feat_square,
          st_stairs_10, due_unseen_surprise
D:12:     layout_loops_corners, serial_shops, nicolae_shop_behind_doors,
          uniq_sonja
Temple:   compressed_dpeg_circular_temple
Lair:1:   layout_long_grid
Lair:2:   layout_gridlike, kennysheep_rathole, uniq_erica
Lair:3:   cheibrodos_lair_river_kwai, layout_chaotic_city,
          elwin_shoals_entry_stream, spider_nest_entry_web_field, basic_altar,
          grunt_megastairs_5, infiniplex_staircase_pool, serial_bayou_shore_a,
          serial_bayou_shore_b

Skill      XL: |  1  2  3  4  5  6  7  8  9 10 11 12 |
---------------+-------------------------------------+-----
Stealth        | 1 2 3 4 5 6 |  6.8
Spellcasting   | 3 4 5 6 7 8 |  8.0
Dodging        | 3 4 5 6 7 |  7.3
Unarmed Combat | 4 5 6 7 9 11 13 | 13.1
Transmutations | 3 4 5 6 7 8 |  8.2
Fighting       | 2 3 4 5 6 |  6.8
Throwing       | 1 |  1.8
Hexes          | 1 3 |  3.6
Poison Magic   | 1 2 |  2.4
Evocations     | 1 |  1.7
Ice Magic      | |  0.3

Action                   |  1- 3 |  4- 6 |  7- 9 | 10-12 || total
-------------------------+-------+-------+-------+-------++-------
Melee: Unarmed           |    92 |   130 |   336 |   559 ||  1117
       Constrict         |    24 |    34 |    48 |    56 ||   162
       Tentacles         |    10 |    29 |    54 |    87 ||   180
       Kick              |     1 |    27 |    91 |   105 ||   224
       Punch             |     1 |     4 |     9 |    40 ||    54
Throw: Dart              |       |       |     5 |    22 ||    27
 Cast: Beastly Appendage |     1 |    17 |    36 |    51 ||   105
       Spider Form       |       |     1 |     6 |    15 ||    22
       Blade Hands       |       |       |       |    18 ||    18
       Confusing Touch   |       |       |       |     3 ||     3
       Ice Form          |       |       |       |     5 ||     5
Invok: Call Merchant     |       |       |       |     1 ||     1
Evoke: Lightning rod     |       |       |     6 |     4 ||    10
       Wand              |       |       |       |    16 ||    16
  Use: Potion            |       |       |     4 |     5 ||     9
       Scroll            |       |       |       |    17 ||    17
 Stab: Sleeping          |    11 |     3 |    13 |     5 ||    32
       Distracted        |       |       |     1 |     1 ||     2
       Invisible         |       |       |       |     1 ||     1
  Eat: Chunk             |     3 |    10 |     2 |       ||    15
       Ration            |       |       |     5 |    14 ||    19
Armor: Skin              |    13 |     2 |    10 |    33 ||    58
Dodge: Dodged            |    53 |    84 |   240 |   421 ||   798
